[Event "Titled Tuesday Blitz October 11 Late 2022"]
[White "Urazayev, Arystanbek"]
[Black "Tomaszewski, Kacper"]
[WhiteFideId "13709810"]
[BlackFideId "1127373"]
[WhiteElo "2441"]
[BlackElo "2211"]
[Result "1-0"]
[Round "02"]
[TimeControl "180+1"]
[Date "2022.10.12"]
[WhiteClock "0:01:03"]
[BlackClock "0:00:07"]

1. e4 e5 2. Nf3 Nc6 3. Bb5 Nge7 4. Nc3 Ng6 5. h4 d6 6. h5 Nf4 7. d4 Bd7 8. dxe5 dxe5 9. Bxc6 Bxc6 10. Qxd8+ Rxd8 11. Nxe5 Ne6 12. Nxc6 bxc6 13. Be3 Bb4 14. Ke2 Bxc3 15. bxc3 h6 16. Rhd1 Ke7 17. Bxa7 Nf4+ 18. Kf3 Nxh5 19. Bc5+ Ke6 20. Rxd8 Rxd8 21. a4 Nf6 22. a5 Nd7 23. Bd4 f6 24. a6 c5 25. Be3 Ra8 26. Kg4 Ne5+ 27. Kg3 Kd6 28. Bf4 Ra7 29. Bxe5+ Kxe5 30. Kf3 g5 31. Ke3 h5 32. g3 h4 33. f4+ Ke6 34. gxh4 gxh4 35. Kf3 f5 36. e5 Kd5 37. Kg2 c6 38. Kh3 Ke4 39. Ra4+ c4 40. e6 Kxf4 41. e7 Ra8 42. a7 Ke3 43. e8=Q+ Rxe8 44. a8=Q Rxa8 45. Rxa8 f4 46. Kxh4 f3 47. Kg3 f2 48. Re8+ Kd2 49. Kxf2 Kxc3 50. Re2 c5 51. Ke1 Kb2 52. Kd1 c3 53. Re8 Ka1 54. Rb8 Ka2 55. Rb5 c4 56. Rc5 Ka3 57. Rxc4 Kb2 1-0


[Site "https://www.chess.com"]

[Event "Titled Tuesday Blitz October 11 Late 2022"]
[White "Urbina Perez, Juan Antonio"]
[Black "Gledura, Benjamin"]
[WhiteFideId "2217368"]
[BlackFideId "712779"]
[WhiteElo "2197"]
[BlackElo "2537"]
[Result "0-1"]
[Round "02"]
[TimeControl "180+1"]
[Date "2022.10.12"]
[WhiteClock "0:00:58"]
[BlackClock "0:02:27"]

1. e4 Nf6 2. e5 Nd5 3. Nc3 Nxc3 4. dxc3 d6 5. exd6 cxd6 6. Nf3 g6 7. g3 Bg7 8. Bg2 O-O 9. O-O Nc6 10. Re1 Bg4 11. h3 Bd7 12. Nd4 Rc8 13. Kh2 Re8 14. Bg5 Qb6 15. Nxc6 Bxc6 16. Rb1 Qxf2 17. Re2 Qf5 18. Bxe7 Be5 19. Bxd6 Bxd6 20. Rxe8+ Rxe8 21. Qxd6 Bxg2 22. Kxg2 Re2+ 0-1


[Site "https://www.chess.com"]

[Event "Titled Tuesday Blitz October 11 Late 2022"]
[White "Vivas Zamora, Fabian Ernesto"]
[Black "Lopez Perdomo, Juan David"]
[WhiteFideId "3902480"]
[BlackFideId "4405137"]
[WhiteElo "2236"]
[BlackElo "1965"]
[Result "1-0"]
[Round "02"]
[TimeControl "180+1"]
[Date "2022.10.12"]
[WhiteClock "0:01:17"]
[BlackClock "0:01:15"]

1. e4 e6 2. d4 d5 3. Nd2 Nf6 4. e5 Nfd7 5. Ngf3 c5 6. c3 Nc6 7. Bd3 f6 8. exf6 Nxf6 9. O-O Bd6 10. dxc5 Bxc5 11. b4 Bd6 12. b5 Ne5 13. Nxe5 Bxe5 14. Nf3 Bd6 15. c4 O-O 16. Bg5 dxc4 17. Bxc4 Qc7 18. Rc1 Qe7 19. Re1 Kh8 20. Qd4 Bc5 21. Qh4 Qf7 22. Bd3 h6 23. Rxc5 Nd5 24. Bxh6 gxh6 25. Qxh6+ Kg8 26. Re5 Qf6 27. Qh7# 1-0


[Site "https://www.chess.com"]

[Event "Titled Tuesday Blitz October 11 Late 2022"]
[White "Vlassov, Nikolai"]
[Black "Jacobson, Brandon"]
[WhiteFideId "4103360"]
[BlackFideId "30901561"]
[WhiteElo "2324"]
[BlackElo "2451"]
[Result "0-1"]
[Round "02"]
[TimeControl "180+1"]
[Date "2022.10.11"]
[WhiteClock "0:00:02"]
[BlackClock "0:00:59"]

1. e4 c5 2. c3 Nf6 3. e5 Nd5 4. d4 cxd4 5. cxd4 Nc6 6. Nc3 Nxc3 7. bxc3 d6 8. f4 Bf5 9. Nf3 e6 10. Bd3 Bxd3 11. Qxd3 Be7 12. O-O O-O 13. Bd2 Qa5 14. exd6 Bxd6 15. Ng5 Qf5 16. Qxf5 exf5 17. Rfe1 Na5 18. Re2 Nc4 19. g3 Rac8 20. Be1 f6 21. Ne6 Rfe8 22. Bf2 Nb6 23. Rc1 Kf7 24. Rce1 Nd5 25. c4 Nc3 26. Re3 Ne4 27. d5 Rxc4 28. Rb3 b6 29. Be3 Rec8 30. Nd4 g6 31. Nb5 Bb8 32. Ra3 Rd8 33. Nxa7 Rxd5 34. Bxb6 Rd2 35. Be3 Rb2 36. Rb3 Rxb3 37. axb3 Rc3 38. b4 Rxe3 39. Rxe3 Bxa7 0-1


[Site "https://www.chess.com"]

[Event "Titled Tuesday Blitz October 11 Late 2022"]
[White "Vovk, Orest"]
[Black "Joubert, Dantelle"]
[WhiteFideId "14113490"]
[BlackFideId "14310813"]
[WhiteElo "2215"]
[BlackElo "1507"]
[Result "1/2-1/2"]
[Round "02"]
[TimeControl "180+1"]
[Date "2022.10.12"]
[WhiteClock "0:00:50"]
[BlackClock "0:00:15"]

1. h4 d5 2. h5 h6 3. e4 dxe4 4. Nc3 Nf6 5. Qe2 Nc6 6. Nxe4 Nxe4 7. Qxe4 e5 8. Bc4 Bd6 9. d3 Qf6 10. Qh4 Qxh4 11. Rxh4 Bf5 12. Ne2 f6 13. Be3 a6 14. O-O-O O-O-O 15. Ng3 Bd7 16. Ne4 Be7 17. Nc5 Bf5 18. Be6+ Bxe6 19. Nxe6 Rdg8 20. Rg4 f5 21. Rxg7 Kd7 22. Nc5+ Kc8 23. Rxg8+ Rxg8 24. g3 f4 25. gxf4 exf4 26. Bxf4 Bxc5 27. Bxh6 Bxf2 28. Rf1 Bh4 29. Rf8+ Rxf8 30. Bxf8 Ne5 31. h6 Nf7 32. Kd1 Bf6 33. Bg7 Bxg7 34. hxg7 Nh6 35. Ke2 Kd7 36. Ke3 Nf5+ 37. Ke4 Nxg7 38. Kd5 Ne6 39. a4 c6+ 40. Ke5 Nc7 41. c4 c5 42. d4 cxd4 43. Kxd4 Kc6 44. b4 Ne6+ 45. Ke5 Ng5 46. Kd4 Nf3+ 47. Ke3 Ne5 48. Kd4 Nd7 49. c5 Nf8 50. Kc4 Ne6 51. b5+ axb5+ 52. axb5+ Kc7 53. Kd5 Nd8 54. Ke5 Nf7+ 55. Kf6 Nh6 56. Ke5 Ng4+ 57. Kd5 Nf2 58. Kd4 Nd1 59. Kd5 Nb2 60. Kd4 Kd7 61. c6+ bxc6 62. bxc6+ Kxc6 1/2-1/2


[Site "https://www.chess.com"]

[Event "Titled Tuesday Blitz October 11 Late 2022"]
[White "Vrbljanac, Aleksandar"]
[Black "Zhigalko, Sergei"]
[WhiteFideId "932817"]
[BlackFideId "13502956"]
[WhiteElo "2309"]
[BlackElo "2662"]
[Result "1/2-1/2"]
[Round "02"]
[TimeControl "180+1"]
[Date "2022.10.12"]
[WhiteClock "0:00:12"]
[BlackClock "0:00:08"]

1. e4 c5 2. Nf3 Nc6 3. Bb5 Nf6 4. Bxc6 dxc6 5. d3 Bg4 6. h3 Bh5 7. Nc3 Qc7 8. Be3 Nd7 9. g4 Bg6 10. Qd2 e6 11. O-O-O Be7 12. Ne2 c4 13. Nf4 cxd3 14. Qxd3 Nc5 15. Bxc5 Qxf4+ 16. Be3 Qxf3 17. Qd7+ Kf8 18. Qxb7 Re8 19. e5 f6 20. Rhe1 fxe5 21. Rd7 Qe4 22. Re2 Qb4 23. Qxa7 Qc4 24. Red2 Qf1+ 25. Rd1 Qc4 26. R1d2 h6 27. Rxe7 Rxe7 28. Bc5 Kg8 29. Qxe7 Kh7 30. b3 Qc3 31. Re2 Qa1+ 32. Kd2 Re8 33. Qd6 Qxa2 34. Ke1 Qa5+ 35. Bb4 Qa6 36. Qxe5 Qb6 37. Bc5 Qb5 38. Bd4 Re7 39. Qxb5 cxb5 40. Bc5 Rc7 41. b4 Rc6 42. c3 Ra6 43. Rd2 Be4 44. Ke2 Bd5 45. Ke3 Ra3 46. Kd4 Bc4 47. f4 Ra1 48. Ke5 Re1+ 49. Kd6 Rf1 50. Ke5 Re1+ 51. Kd6 Rf1 52. Ke5 Rf3 53. Bd4 Rxh3 54. f5 exf5 55. gxf5 Kg8 56. Rg2 Kf7 57. Kd6 Rd3 58. Rxg7+ Kf8 59. Ra7 h5 60. Rh7 Bf7 61. Ke5 Kg8 62. Rh6 Rg3 63. Kf6 Kf8 64. Rh8+ Bg8 65. Bc5+ Ke8 66. Rxh5 Kd7 67. Rh8 Kc6 68. Bd4 Kd5 69. Rh5 Kc6 70. Rg5 Rxg5 71. Kxg5 Kd7 72. Kh6 Ke8 73. Kg7 Bc4 74. f6 Bb3 75. Kg6 Bc4 76. Kf5 Kf7 77. Ke5 Bd3 78. Kd6 Bc4 79. Kc5 Bd3 80. Kd6 Bc4 81. Ke5 Bb3 82. Kf5 Bc4 83. Ke5 1/2-1/2


[Site "https://www.chess.com"]

[Event "Titled Tuesday Blitz October 11 Late 2022"]
[White "Wadsworth, Matthew J"]
[Black "Tari, Aryan"]
[WhiteFideId "415804"]
[BlackFideId "1510045"]
[WhiteElo "2367"]
[BlackElo "2612"]
[Result "0-1"]
[Round "02"]
[TimeControl "180+1"]
[Date "2022.10.11"]
[WhiteClock "0:00:05"]
[BlackClock "0:00:07"]

1. c4 c6 2. g3 d5 3. Nf3 Nf6 4. Bg2 g6 5. b3 Bg7 6. Bb2 O-O 7. O-O a5 8. d3 a4 9. Qc2 Na6 10. Bc3 c5 11. cxd5 Nb4 12. Qb2 Nbxd5 13. Be5 b5 14. bxa4 b4 15. Rc1 Nb6 16. Nfd2 Nxa4 17. Qc2 Ra6 18. a3 Bd7 19. Nb3 Re6 20. d4 cxd4 21. Bxd4 Bb5 22. e3 Qd6 23. axb4 Qxb4 24. Na3 Bd7 25. Qc4 Qb8 26. Na5 Rc8 27. Qe2 Rxc1+ 28. Rxc1 h5 29. Nc6 Qd6 30. Qc4 Qxa3 31. Ra1 Nb2 32. Rxa3 Nxc4 33. Ra8+ Kh7 34. Nd8 Nb6 35. Rb8 Nbd5 36. Nxf7 Bh6 37. Bh3 Rd6 38. Nxd6 Bxh3 39. Ne4 Bf5 40. Nxf6+ exf6 41. f3 Bxe3+ 42. Bxe3 Nxe3 43. Kf2 Nd1+ 44. Ke2 Nc3+ 45. Kf2 Nd5 46. Rb7+ Kh6 47. Kg2 Ne3+ 48. Kf2 Nc2 49. Kg2 Nd4 50. h3 Nc2 51. Rc7 Ne3+ 52. Kf2 Nd5 53. Rc5 Nb4 54. g4 Nd3+ 0-1


[Site "https://www.chess.com"]

[Event "Titled Tuesday Blitz October 11 Late 2022"]
[White "Weber, Samuel"]
[Black "Preotu, Razvan"]
[WhiteFideId "12924008"]
[BlackFideId "2613280"]
[WhiteElo "2215"]
[BlackElo "2407"]
[Result "0-1"]
[Round "02"]
[TimeControl "180+1"]
[Date "2022.10.12"]
[WhiteClock "0:00:02"]
[BlackClock "0:00:07"]

1. e4 c5 2. Nf3 d6 3. Bb5+ Nd7 4. a4 Nf6 5. Nc3 g6 6. O-O Bg7 7. d4 cxd4 8. Nxd4 O-O 9. Be3 Nc5 10. f3 Qc7 11. Be2 a6 12. Qd2 Rd8 13. b4 Ncd7 14. Rfc1 Ne5 15. Nd5 Nxd5 16. exd5 Nc4 17. Bxc4 Qxc4 18. Ra3 Qxd5 19. c4 Qh5 20. Ne2 Qf5 21. Bb6 Re8 22. Rd3 h5 23. Rd5 Qd7 24. Nf4 Qxa4 25. Nxh5 gxh5 26. Rxh5 Qc6 27. Bd4 e5 28. Be3 d5 29. Bh6 Qg6 30. Bxg7 Qxh5 31. Bh6 d4 32. Re1 Qg6 33. Re4 Bf5 34. Rh4 f6 35. g4 Re7 36. Kh1 Rh7 37. gxf5 Qxf5 38. Rg4+ Kf7 39. c5 Qxf3+ 40. Rg2 Qf1+ 41. Rg1 Qf3+ 42. Rg2 Qd5 43. Be3 Rg8 0-1


[Site "https://www.chess.com"]

[Event "Titled Tuesday Blitz October 11 Late 2022"]
[White "Winterberg, Lukas"]
[Black "Izuzquiza Gonzalez, Javier"]
[WhiteFideId "24622702"]
[BlackFideId "3101029"]
[WhiteElo "2349"]
[BlackElo "2034"]
[Result "1-0"]
[Round "02"]
[TimeControl "180+1"]
[Date "2022.10.12"]
[WhiteClock "0:00:08"]
[BlackClock "0:00:06"]

1. Nf3 c5 2. c4 Nc6 3. Nc3 g6 4. e3 e5 5. d4 Bg7 6. dxc5 Qa5 7. Be2 Nge7 8. O-O O-O 9. Nb5 e4 10. Nfd4 Qb4 11. Nb3 Ne5 12. Nc3 Nd3 13. a3 Qxc4 14. Nxe4 Qxe4 15. Bxd3 Qh4 16. Nd4 Nc6 17. Nb5 Ne5 18. Be2 d5 19. cxd6 Ng4 20. h3 Nh6 21. Nc7 Rb8 22. Bf3 Nf5 23. Qd5 Bd7 24. Qe4 Qf6 25. Bd2 Bc6 26. Qf4 Rfd8 27. Bc3 Qxd6 28. Qxd6 Nxd6 29. Bxg7 Kxg7 30. Rac1 Bxf3 31. gxf3 Nf5 32. Nb5 Rd2 33. b4 Ra2 34. Rc3 a6 35. Nd4 Nxd4 36. exd4 Rd8 37. Rd1 Kf6 38. d5 Ke5 39. d6 Rxd6 40. Re3+ Kf4 41. Rxd6 Ra1+ 42. Kg2 1-0


[Site "https://www.chess.com"]

[Event "Titled Tuesday Blitz October 11 Late 2022"]
[White "Yeritsyan, Hayk"]
[Black "Taboas Rodriguez, Daniel"]
[WhiteFideId "13307320"]
[BlackFideId "2208466"]
[WhiteElo "2340"]
[BlackElo "2429"]
[Result "1-0"]
[Round "02"]
[TimeControl "180+1"]
[Date "2022.10.12"]
[WhiteClock "0:01:34"]
[BlackClock "0:00:08"]

1. d4 Nf6 2. Nf3 g6 3. Bf4 Bg7 4. h3 O-O 5. e3 c5 6. c3 b6 7. Be2 Bb7 8. O-O d6 9. Nbd2 Nbd7 10. Bh2 Ne4 11. Nxe4 Bxe4 12. Nd2 Bc6 13. Bf3 Qc7 14. Rc1 Qb7 15. Bxc6 Qxc6 16. Nf3 Rfc8 17. Qe2 b5 18. Rcd1 a5 19. e4 cxd4 20. cxd4 Qc4 21. Rfe1 a4 22. e5 dxe5 23. dxe5 Qxe2 24. Rxe2 Nc5 25. Bf4 b4 26. Bd2 Rd8 27. Rc1 Nd3 28. Rc4 b3 29. axb3 axb3 30. Bc3 Rac8 31. Rxc8 Rxc8 32. Rd2 Nf4 33. g3 Ne6 34. Rd7 Bf8 35. Rb7 Nc5 36. Rb5 e6 37. Nd4 Ne4 38. Rxb3 Bg7 39. Nf3 h6 40. Kg2 Rd8 41. Rb4 Nc5 42. Rc4 Rd5 43. b4 Na4 44. Bd4 g5 45. b5 Rxb5 46. Rxa4 Kh7 47. Rc4 Kg6 48. g4 Rd5 49. Rc5 Rd7 50. Kg3 Rd5 51. Rxd5 exd5 52. h4 Bf8 53. hxg5 hxg5 54. Be3 Be7 55. Nd4 Bd8 56. Nf5 Ba5 57. f3 Bd8 58. Kg2 Kh7 59. Kf1 Kg6 60. Ke2 f6 61. e6 Bc7 62. Kd3 Be5 63. Bd4 Bc7 64. Kc3 Be5 65. Bxe5 fxe5 66. Kd3 Kf6 67. e7 Kf7 68. Kc3 Ke8 69. Kb4 Kd7 70. Kc5 d4 71. Kc4 Ke8 72. Kd3 Kd7 73. Ke4 Ke8 74. Kxe5 d3 75. Ne3 Kxe7 76. Kf5 Kd6 77. Kxg5 Ke5 78. Nd1 Kd4 79. f4 d2 80. f5 Kd3 81. f6 Kc2 82. Nf2 Kc3 83. Ne4+ Kd4 84. Nxd2 1-0


[Site "https://www.chess.com"]

[Event "Titled Tuesday Blitz October 11 Late 2022"]
[White "Yuan, Qingyu"]
[Black "Barash, Anton"]
[WhiteFideId "8609772"]
[BlackFideId "30935229"]
[WhiteElo "2359"]
[BlackElo "2284"]
[Result "1-0"]
[Round "02"]
[TimeControl "180+1"]
[Date "2022.10.12"]
[WhiteClock "0:00:12"]
[BlackClock "0:00:04"]

1. d4 Nf6 2. Bf4 g6 3. Nf3 Bg7 4. Nbd2 O-O 5. e4 d6 6. Be2 c5 7. dxc5 dxc5 8. c3 Qb6 9. Nc4 Qd8 10. Qc2 Bg4 11. Rd1 Qc8 12. h3 Be6 13. O-O Nc6 14. a4 Rd8 15. Ng5 Bd7 16. Rd2 Be8 17. e5 Nd5 18. Bg3 Nb6 19. e6 f5 20. Rfd1 Rxd2 21. Rxd2 h6 22. Nf3 Qxe6 23. Nxb6 axb6 24. b3 Kh7 25. Bc4 Qf6 26. Rd3 e5 27. Bb5 f4 28. Bh4 Qf5 29. Qd2 g5 30. Rd5 gxh4 31. Bd3 Bg6 32. Bxf5 Bxf5 33. Nxh4 Be4 34. Rd7 Rg8 35. Qe2 Bb1 36. Qh5 Kh8 37. Rxb7 Be4 38. Ng6+ Kh7 39. Ne7 Nxe7 40. Rxe7 Kh8 41. Kh2 Bf8 42. Qxe5+ 1-0


[Site "https://www.chess.com"]

[Event "Titled Tuesday Blitz October 11 Late 2022"]
[White "Yurovskykh, Oleksandr"]
[Black "Gajewski, Grzegorz"]
[WhiteFideId "14134020"]
[BlackFideId "1116207"]
[WhiteElo "2303"]
[BlackElo "2547"]
[Result "0-1"]
[Round "02"]
[TimeControl "180+1"]
[Date "2022.10.12"]
[WhiteClock "0:02:01"]
[BlackClock "0:01:37"]

1. d4 Nf6 2. Nf3 d5 3. c3 e6 4. Bf4 c5 5. e3 Qb6 6. Qb3 c4 7. Qxb6 axb6 8. Nbd2 b5 9. Bxb8 Rxb8 10. a3 g6 11. g3 Bg7 12. Bg2 O-O 13. O-O-O Ng4 14. Rhf1 f6 15. h3 Nh6 16. e4 dxe4 17. Nxe4 Nf7 18. Rfe1 b6 19. h4 h6 20. Bh3 Bd7 21. Re2 f5 22. Ned2 g5 23. hxg5 hxg5 24. Bg2 g4 0-1


[Site "https://www.chess.com"]

[Event "Titled Tuesday Blitz October 11 Late 2022"]
[White "Zaloznyy, Mike"]
[Black "Banzea, Alexandru-Bogdan"]
[WhiteFideId "2023075"]
[BlackFideId "1232622"]
[WhiteElo "2126"]
[BlackElo "2294"]
[Result "1/2-1/2"]
[Round "02"]
[TimeControl "180+1"]
[Date "2022.10.12"]
[WhiteClock "0:00:05"]
[BlackClock "0:00:08"]

1. e4 c6 2. d4 d5 3. e5 Bf5 4. h4 h5 5. Bd3 Bxd3 6. Qxd3 Qa5+ 7. Nd2 e6 8. Nf3 Nh6 9. c4 Nf5 10. O-O Be7 11. g3 O-O 12. a3 Rd8 13. c5 Qa6 14. Qc3 b6 15. b4 Nd7 16. Nb3 Qa4 17. Bg5 Bxg5 18. Nxg5 a5 19. cxb6 axb4 20. axb4 Qb5 21. Na5 Qxb6 22. Qxc6 Qxd4 23. Nxe6 fxe6 24. Qxe6+ Kh8 25. Qxf5 Qxe5 26. Qf3 Nf6 27. Nc6 Qxa1 28. Nxd8 Qa7 29. Ne6 Re8 30. Nf4 Re5 31. Kg2 Kg8 32. Rd1 Qb7 33. Rd4 Re4 34. Qd3 Rxd4 35. Qxd4 Qb5 36. Kh2 Qc4 37. Qxc4 dxc4 38. b5 c3 39. b6 Nd7 40. b7 Kf7 41. Kg2 Ke7 42. Kf3 Kd6 43. Ke3 Kc6 44. Nxh5 Kxb7 45. Nxg7 Nc5 46. Ke2 Kc6 47. h5 Kd5 48. h6 Nb3 49. Kd3 Nc5+ 50. Kxc3 Ne4+ 51. Kd3 Nf6 52. g4 Nh7 53. f4 Kd6 54. g5 Nf8 55. Ke4 Ke7 56. f5 Kf7 57. g6+ Nxg6 58. f6 Nh8 59. h7 Kxf6 60. Nh5+ Kg6 61. Ng3 Kxh7 1/2-1/2


[Site "https://www.chess.com"]

[Event "Titled Tuesday Blitz October 11 Late 2022"]
[White "Zeynalli, Rashad"]
[Black "Coelho, Ramyres Santana"]
[WhiteFideId "13403320"]
[BlackFideId "2120690"]
[WhiteElo "2125"]
[BlackElo "1888"]
[Result "1/2-1/2"]
[Round "02"]
[TimeControl "180+1"]
[Date "2022.10.12"]
[WhiteClock "0:00:07"]
[BlackClock "0:01:17"]

1. d4 Nf6 2. Bf4 Nh5 3. Bc1 Nf6 4. Bf4 Nh5 5. Bg3 Nxg3 6. hxg3 g6 7. e4 Bg7 8. Nc3 c5 9. d5 d6 10. Bb5+ Nd7 11. a4 a6 12. Be2 O-O 13. Nf3 Qb6 14. Ra2 Qb4 15. Kf1 Bxc3 16. bxc3 Qxc3 17. Qc1 Qg7 18. a5 f6 19. Ra3 Ne5 20. Nxe5 fxe5 21. g4 Qf6 22. Rf3 Qg7 23. Rfh3 h5 24. Qg5 Qf6 25. Qxf6 Rxf6 26. Rg3 Bxg4 27. Bxg4 hxg4 28. Rxg4 Raf8 29. f3 Kf7 30. Rh7+ Ke8 31. Rg7 R8f7 32. R7xg6 Rxg6 33. Rxg6 Kd7 34. Rh6 Kc7 35. Ke2 b6 36. axb6+ Kxb6 37. g4 Rg7 38. Rh8 a5 39. Ra8 Kb5 40. Rb8+ Kc4 41. Ra8 Kb4 42. Rb8+ Kc3 43. Ra8 Kxc2 44. Rxa5 c4 45. Ra7 c3 46. Rc7 Rh7 47. Ke3 Rh1 48. g5 Rg1 49. f4 exf4+ 50. Kxf4 Kd2 51. Rxe7 c2 52. Rc7 c1=Q 53. Rxc1 Kxc1 54. e5 dxe5+ 55. Kxe5 Rxg5+ 56. Ke6 Rg6+ 57. Ke7 Rg7+ 58. Kf6 Rg1 59. d6 Rf1+ 60. Ke7 Kc2 61. d7 Re1+ 62. Kf7 Rf1+ 63. Ke7 Re1+ 64. Kf7 Rd1 65. Ke7 Re1+ 1/2-1/2


[Site "https://www.chess.com"]

[Event "Titled Tuesday Blitz October 11 Late 2022"]
[White "Zivkovic, Nemanja"]
[Black "Krstic, Milos"]
[WhiteFideId "942154"]
[BlackFideId "954888"]
[WhiteElo "2372"]
[BlackElo "2194"]
[Result "1-0"]
[Round "02"]
[TimeControl "180+1"]
[Date "2022.10.12"]
[WhiteClock "0:00:25"]
[BlackClock "0:00:09"]

1. c4 Nf6 2. Nc3 e6 3. g3 d5 4. Nf3 Be7 5. Bg2 O-O 6. d4 dxc4 7. Ne5 Nc6 8. Bxc6 bxc6 9. Nxc6 Qe8 10. Nxe7+ Qxe7 11. Qa4 c5 12. Qxc4 cxd4 13. Qxd4 Bb7 14. O-O Rfd8 15. Qh4 h6 16. Be3 a5 17. Rfd1 Ba6 18. Rac1 Rab8 19. b3 Rxd1+ 20. Rxd1 Rc8 21. Bd4 Qb4 22. Bxf6 Qxh4 23. gxh4 gxf6 24. Rc1 Kg7 25. f3 f5 26. Kf2 Rd8 27. Ke3 e5 28. Rd1 Rc8 29. Kd2 Rb8 30. Rb1 Rb4 31. e4 fxe4 32. fxe4 f5 33. Rg1+ Kf7 34. exf5 Rxh4 35. Rg6 Rxh2+ 36. Ke3 Rh3+ 37. Kd2 Rh2+ 38. Ke1 Bd3 39. Re6 e4 40. Re5 Rc2 41. Nd5 h5 42. Re7+ Kf8 43. f6 h4 44. Nc7 h3 45. Ne6+ Kg8 46. f7+ 1-0


[Site "https://www.chess.com"]

[Event "Titled Tuesday Blitz October 11 Late 2022"]
[White "Zomorrodian, Eilia"]
[Black "Sanal, Vahap"]
[WhiteFideId "12551805"]
[BlackFideId "6300545"]
[WhiteElo "2078"]
[BlackElo "2574"]
[Result "0-1"]
[Round "02"]
[TimeControl "180+1"]
[Date "2022.10.12"]
[WhiteClock "0:00:17"]
[BlackClock "0:00:10"]

1. c4 d6 2. Nf3 e5 3. Qc2 f5 4. a3 Nc6 5. e3 g5 6. d3 g4 7. Nfd2 Bg7 8. Be2 Nge7 9. b4 Ng6 10. Bb2 h5 11. Nc3 h4 12. O-O-O Be6 13. Nb3 a5 14. b5 Nce7 15. a4 Qc8 16. g3 b6 17. d4 Qb7 18. d5 Bf7 19. e4 Qc8 20. exf5 Qxf5 21. Qxf5 Nxf5 22. Bxg4 Nd4 23. Nxd4 exd4 24. Ne2 Ne5 25. Bf5 d3 26. Bxd3 hxg3 27. fxg3 Bh5 28. Rhe1 O-O-O 29. Bf5+ Kb7 30. g4 Bxg4 31. Bxg4 Bh6+ 32. Kb1 Nxg4 33. Bxh8 Rxh8 34. Nd4 Nf2 35. Nc6 Nxd1 36. Rxd1 Bg5 37. Rg1 Bf4 38. Rh1 Rh4 39. Kc2 Kc8 40. h3 Kd7 41. Kd3 Bh6 42. Nd4 Rf4 43. Ne6 Rf3+ 44. Ke4 Re3+ 45. Kf5 Rc3 46. Kg6 Bd2 47. h4 Rxc4 48. h5 Rxa4 49. Rh2 Bc3 50. h6 Bh8 51. Kh7 Be5 52. Kg8 Bxh2 53. h7 Be5 54. Ng7 Rg4 55. h8=Q Rxg7+ 0-1


[Site "https://www.chess.com"]

[Event "Titled Tuesday Blitz October 11 Late 2022"]
[White "Aarav Dengla"]
[Black "Timmermans, Mark"]
[WhiteFideId "45059756"]
[BlackFideId "1026399"]
[WhiteElo "2257"]
[BlackElo "2460"]
[Result "1-0"]
[Round "03"]
[TimeControl "180+1"]
[Date "2022.10.12"]
[WhiteClock "0:00:51"]
[BlackClock "0:00:32"]

1. e4 e5 2. Nf3 Nc6 3. Bb5 f5 4. d3 fxe4 5. dxe4 Nf6 6. O-O d6 7. Nc3 Be7 8. h3 O-O 9. Bc4+ Kh8 10. Ng5 Qe8 11. Ne6 Bxe6 12. Bxe6 Qg6 13. Bd5 Nh5 14. Qg4 Qxg4 15. hxg4 Nf4 16. Bxc6 bxc6 17. Bxf4 Rxf4 18. f3 Rb8 19. b3 Kg8 20. Ne2 Rff8 21. Rad1 Bg5 22. Rd3 Kf7 23. Rc3 c5 24. Rc4 Ke6 25. Ra4 Rb7 26. g3 Bf6 27. Kg2 h6 28. f4 Rfb8 29. c3 Kd7 30. g5 hxg5 31. fxg5 Be7 32. Rf7 Rg8 33. g6 Ke6 34. g4 c6 35. Ra6 Rc7 36. Ng3 Rd7 37. Nf5 Bf6 38. Rxd7 Kxd7 39. Rxa7+ Ke6 40. Rc7 Ra8 41. a4 Rb8 42. Rxc6 Kd7 43. Rxd6+ Kc7 44. Rxf6 gxf6 45. Nh6 c4 46. b4 Rxb4 47. g7 1-0


[Site "https://www.chess.com"]

[Event "Titled Tuesday Blitz October 11 Late 2022"]
[White "Aguilar, Juan"]
[Black "Dilmukhametov, Artur"]
[WhiteFideId "3800091"]
[BlackFideId "24179922"]
[WhiteElo "2367"]
[BlackElo "2197"]
[Result "1-0"]
[Round "03"]
[TimeControl "180+1"]
[Date "2022.10.12"]
[WhiteClock "0:01:23"]
[BlackClock "0:02:03"]

1. d4 d5 2. c4 c6 3. Nf3 Nf6 4. Qc2 dxc4 5. e4 b5 6. b3 cxb3 7. axb3 a6 8. Bd2 Bb7 9. Ba5 Qc8 10. Bd3 e6 11. O-O c5 12. Rc1 Nc6 13. dxc5 Nxa5 14. Rxa5 Qc7 15. b4 Be7 16. Nc3 O-O 17. e5 Nd5 18. Nxd5 Bxd5 19. Bxh7+ Kh8 20. Be4 Rfd8 21. Bxd5 Rxd5 22. h4 Rxc5 23. bxc5 Qxa5 24. Ng5 Bxg5 25. hxg5 Rc8 26. c6 Qc7 27. Qe4 a5 28. Rc3 g6 29. Rh3+ Kg8 30. Qf4 Qd8 31. Qh4 Kf8 32. Qh8+ Ke7 33. Qf6+ 1-0


[Site "https://www.chess.com"]

[Event "Titled Tuesday Blitz October 11 Late 2022"]
[White "Aldokhin, Ivan"]
[Black "Maksimovic, Bojan"]
[WhiteFideId "24115720"]
[BlackFideId "14408120"]
[WhiteElo "2313"]
[BlackElo "2447"]
[Result "0-1"]
[Round "03"]
[TimeControl "180+1"]
[Date "2022.10.11"]
[WhiteClock "0:00:19"]
[BlackClock "0:00:22"]

1. e4 c5 2. Nf3 Nc6 3. d4 cxd4 4. Nxd4 e5 5. Nb5 d6 6. N1c3 a6 7. Na3 Be7 8. Nc4 Nf6 9. Be3 b5 10. Nb6 Rb8 11. Nxc8 Qxc8 12. Bd3 O-O 13. O-O h6 14. h3 Re8 15. a3 Bd8 16. Qf3 Re6 17. Nd5 Nd4 18. Bxd4 exd4 19. Nxf6+ Bxf6 20. Qg3 Re5 21. f4 Rc5 22. Rae1 Qc7 23. Re2 a5 24. Rfe1 b4 25. axb4 Rxb4 26. b3 Rb8 27. Bc4 a4 28. Qd3 a3 29. Ra1 Ra8 30. Ra2 Ra7 31. Re1 d5 32. exd5 Ra8 33. Rea1 Qxf4 34. d6 Be5 35. Qf3 Qh2+ 36. Kf1 Rd8 37. Qxf7+ Kh8 38. Qe7 Bf6 39. Qe4 d3 40. Rxa3 dxc2 41. Re1 c1=Q 42. Rxc1 Re5 43. Kf2 Rxe4 44. Bd3 Qf4+ 45. Kg1 Re3 46. Rd1 Rxd3 47. Rxd3 Rxd6 48. Ra8+ Kh7 49. Rxd6 Qxd6 50. Rc8 Bd4+ 51. Kf1 Qf4+ 52. Ke2 Qe3+ 53. Kd1 Qxb3+ 54. Rc2 Qd3+ 55. Rd2 Qf1+ 56. Kc2 Be3 57. Rd3 Qe2+ 58. Kc3 Bg1 59. g4 Qe1+ 60. Kc4 Qh4 61. Kc3 Bh2 62. Kd4 Bg3 63. Ke4 Qxh3 64. Kf5 Qh4 65. Rd4 Qg5+ 66. Ke4 Qxg4+ 67. Kd3 Qxd4+ 68. Kxd4 Kg6 69. Ke4 Bh4 70. Kf3 Bf6 71. Kg2 Kf7 72. Kh1 g6 73. Kg2 h5 74. Kh3 g5 75. Kg2 Kg6 76. Kf3 Kf5 77. Kg2 Be5 78. Kf1 g4 79. Kg2 h4 80. Kh1 h3 81. Kg1 g3 82. Kh1 g2+ 83. Kg1 Bd4+ 84. Kh2 g1=Q+ 0-1


[Site "https://www.chess.com"]

[Event "Titled Tuesday Blitz October 11 Late 2022"]
[White "Araujo Sanchez, Josue"]
[Black "Kostiukov, Alexandr"]
[WhiteFideId "6416896"]
[BlackFideId "14108100"]
[WhiteElo "2370"]
[BlackElo "2202"]
[Result "1-0"]
[Round "03"]
[TimeControl "180+1"]
[Date "2022.10.12"]
[WhiteClock "0:02:15"]
[BlackClock "0:01:20"]

1. e4 c5 2. Nf3 g6 3. d4 cxd4 4. Qxd4 Nf6 5. Qe3 Nc6 6. c4 Bg7 7. Nc3 O-O 8. Be2 e6 9. O-O d5 10. Rd1 Ng4 11. Qc5 d4 12. h3 Qc7 13. Nb5 Qa5 14. Bd2 1-0


[Site "https://www.chess.com"]

[Event "Titled Tuesday Blitz October 11 Late 2022"]
[White "Ardila, Oscar Humberto"]
[Black "Owen, Michael"]
[WhiteFideId "4404742"]
[BlackFideId "7104820"]
[WhiteElo "1898"]
[BlackElo "1943"]
[Result "1-0"]
[Round "03"]
[TimeControl "180+1"]
[Date "2022.10.12"]
[WhiteClock "0:00:16"]
[BlackClock "0:00:01"]

1. d4 Nf6 2. c4 g6 3. Nc3 Bg7 4. Nf3 d6 5. e3 O-O 6. Be2 Nbd7 7. O-O e5 8. dxe5 dxe5 9. Qc2 Re8 10. Rd1 b6 11. b3 Bb7 12. Bb2 Qe7 13. Nd5 Nxd5 14. cxd5 Rac8 15. e4 c6 16. d6 Qd8 17. Rac1 c5 18. Bc4 h6 19. Bc3 Rf8 20. Qb2 Qe8 21. Bb5 f6 22. Nh4 Kh7 23. Qe2 Qe6 24. Bc4 Qe8 25. Qg4 h5 26. Qe2 Bh6 27. Rb1 Bc6 28. a4 Rd8 29. h3 Nb8 30. g4 hxg4 31. Qxg4 Bd7 32. Qg2 Nc6 33. Kh1 Bg5 34. Nf3 Bf4 35. Rg1 Rg8 36. Nh4 Rg7 37. Rbd1 Be6 38. Bd5 Qd7 39. Nxg6 Rdg8 40. Bxe6 Qxe6 41. Nxf4 exf4 42. Qf3 Ne5 43. Qh5# 1-0


[Site "https://www.chess.com"]